 Dungeon Crawl Stone Soup version 0.21-a0-2-ge494091 (webtiles) character file.

36 sveltemanboy the Skirmisher (level 3, 0/29 HPs)
             Began as a Demonspawn Monk on May 22, 2017.
             Slain by a gnoll
             ... wielding a +0 spear
              (2 damage)
             ... on level 1 of the Dungeon.
             The game lasted 00:02:38 (956 turns).

sveltemanboy the Skirmisher (Demonspawn Monk)        Turns: 956, Time: 00:02:38

Health: 0/29       AC:  2    Str: 11    XL:     3   Next: 19%
Magic:  3/3        EV: 13    Int: 11    God:
Gold:   22         SH:  0    Dex: 14    Spells: 2/2 levels left

rFire    . . .     SeeInvis .   a - +0 falchion
rCold    . . .     Gourm    .   (no shield)
rNeg     . . .     Faith    .   h - +0 robe
rPois    .         Spirit   .   (no helmet)
rElec    .         Reflect  .   (no cloak)
rCorr    .         Harm     .   (no gloves)
MR       .....                  (no boots)
Stlth    +++.......             (no amulet)
Regen    0.1/turn               (no ring)
MPRegen  0.1/turn               (no ring)

@: no status effects
A: clumsy 1, deterioration 1, high mp 1, nightstalker 1, wild magic 1
a: no special abilities


You were on level 1 of the Dungeon.
You were not hungry.

You visited 1 branch of the dungeon, and saw 1 of its levels.

You collected 22 gold pieces.

Inventory:

Hand Weapons
 a - a +0 falchion (weapon)
 b - a +0 dagger
Missiles
 d - 3 curare-tipped needles
Armour
 h - a +0 robe (worn)
Scrolls
 f - 2 scrolls of teleportation {unknown}
 j - a scroll of enchant weapon {unknown}
 l - a scroll of remove curse {unknown}
Potions
 e - a potion of mutation
 g - 3 potions of curing {unknown}
 m - a potion of haste {unknown}
Comestibles
 c - a bread ration
 i - a royal jelly


   Skills:
 - Level 3.0 Fighting
 + Level 1.4(2.4) Short Blades
 - Level 2.9(3.1) Long Blades
 - Level 0.3 Armour
 - Level 3.0 Dodging
 + Level 2.1 Stealth


You had 2 spell levels left.
You didn't know any spells.

Dungeon Overview and Level Annotations

Branches:
Dungeon (1/15)

Altars:


Innate Abilities, Weirdness & Mutations

You are slightly more attuned to the shadows.
You are clumsy. (Dex -2)
Your body sometimes deteriorates upon taking damage.
You have an increased reservoir of magic. (+10% MP)
Your spells are a little harder to cast, but a little more powerful.


Message History

All of the chunks of flesh in your inventory have rotted away.
A gnoll comes into view. It is wielding a spear.
The gnoll shouts!
The gnoll barely misses you. The gnoll hits you with a spear!
You hit the gnoll but do no damage.
a - a +0 falchion (weapon)
The gnoll misses you.
You riposte.
You barely miss the gnoll. You barely miss the gnoll.
The gnoll hits you with a spear!
You closely miss the gnoll. The gnoll hits you with a spear!
* * * LOW HITPOINT WARNING * * *
You hit the gnoll.
The gnoll is moderately wounded.
The gnoll hits you with a spear.
* * * LOW HITPOINT WARNING * * *
It was a potion of mutation.
You feel extremely strange.
You feel more energetic.
You feel yourself wasting away.
You feel clumsy.
You feel less in control of your magic. The gnoll hits you with a spear.
You die...

####.....#.......##.####...# #.
[..+.....'............##...# ##.
####.....##########.#.##...# #..
# #.....# #....#.##...####.. #
#.....# #.##g.......##.... #
####### ##.##.#............ #####
#.....#####..#.#... ....#
#.g##.#####....รท..( #####
#.@##.......>......
###############..##.########.#..#
....................# #.#..#
###############..#############..#
#.............##..#
##.#############..# #[....# #.##
####### ###


You could see a gnoll.

Vanquished Creatures
  2 oozes (D:1)
  2 dart slugs (D:1)
  A leopard gecko (D:1)
  5 bats (D:1)
  A giant cockroach (D:1)
  3 goblins (D:1)
  3 hobgoblins (D:1)
  A kobold (D:1)
  A frilled lizard (D:1)
  3 rats (D:1)
22 creatures vanquished.

Notes
Turn   | Place    | Note
-------+----------+-------------------------------------------
     0 | D:1      | sveltemanboy the Demonspawn Monk began the quest for the Orb.
     0 | D:1      | Reached XP level 1. HP: 18/18 MP: 1/1
    76 | D:1      | Gained mutation: You are slightly more attuned to the shadows. [demonic ancestry]
    76 | D:1      | Reached XP level 2. HP: 20/24 MP: 2/2
   558 | D:1      | Reached skill level 1 in Short Blades
   660 | D:1      | Reached XP level 3. HP: 29/29 MP: 3/3
   956 | D:1      | Gained mutation: You have an increased reservoir of magic. (+10% MP) [potion of mutation]
   956 | D:1      | Gained mutation: Your body sometimes deteriorates upon taking damage. [potion of mutation]
   956 | D:1      | Gained mutation: You are clumsy. (Dex -2) [potion of mutation]
   956 | D:1      | Gained mutation: Your spells are a little harder to cast, but a little more powerful. [potion of mutation]
   956 | D:1      | Slain by a gnoll

Vault maps used:
D:1:      ncdulo_halloftheorcs

Skill      XL: |  1  2 |
---------------+-------+-----
Dodging        | 3 |  3.0
Stealth        | 2 |  2.1
Short Blades   | 1 |  1.4
Fighting       | |  3.0
Long Blades    | |  2.9
Armour         | |  0.3

Action                   || total
-------------------------++-------
Melee: Falchion          ||    47
       Dagger            ||    14
  Use: Potion            ||     1
 Stab: Sleeping          ||     8
Armor: Robe              ||    11
Dodge: Dodged            ||    40
       Rpst.: Falchion   ||    13
